Cogmind - Beta 10.2 @@@ ROGUE MODE // 2021.06.08 @ 21:53:18 Player: Levitus Result: Destroyed by G-34 Mercenary with Small Laser Performance ------------- Evolutions (1) 500 Regions Visited (2) 400 Robots Destroyed (6) 30 Value Destroyed (136) 136 Prototype IDs (0) 0 Alien Tech Used (0) 0 Bonus (200) 200 TOTAL SCORE: 1266 Bonus ------- Pacifist 200 Cogmind --------- Core Integrity 0/400 Matter 39/300 Energy 100/100 System Corruption 0% Temperature Cool (6) Movement Core (100) Ox1 Location -9/Materials Parts ------- > --- POWER (1) -------- (None) > --- PROPULSION (2) --- (None) > --- UTILITY (4) ------ Small Storage Unit > --- WEAPON (2) ------- (None) > --- INVENTORY (6) ---- (None) Peak State ------------ > --- POWER ------------ (None) > --- PROPULSION ------- Light Treads > --- UTILITY ---------- Small Storage Unit Terrain Scanner > --- WEAPON ----------- EM Pulse Gun Medium Laser > --- INVENTORY -------- Light Assault Rifle [Rating: 5] Favorites ----------- Power Light Ion Engine Engine Light Ion Engine Propulsion Light Treads Treads Light Treads Wheel Compact Wheel Utility Terrain Scanner Device Terrain Scanner Storage Small Storage Unit Weapon Small Laser Energy Gun Small Laser Ballistic Gun Light Assault Rifle Build | -11 -10 -9 ------- Run | Scr Mat Mat Slots Evolved 2 | . . 2 Power . | . . . Propulsion . | . . . Utility 2 | . . 2 Weapon . | . . . Parts Attached 9 | . 4 5 Power 1 | . 1 . Engine 1 | . 1 . Core . | . . . Reactor . | . . . Propulsion 2 | . 2 . Treads 1 | . 1 . Leg . | . . . Wheel 1 | . 1 . Hover . | . . . Flight . | . . . Utility 2 | . 1 1 Device 1 | . 1 . Storage 1 | . . 1 Processor . | . . . Hackware . | . . . Protection . | . . . Artifact . | . . . Weapon 4 | . . 4 Energy Gun 3 | . . 3 Energy Cannon . | . . . Ballistic Gun 1 | . . 1 Ballistic Cannon . | . . . Launcher . | . . . Special Weapon . | . . . Impact Weapon . | . . . Slashing Weapon . | . . . Piercing Weapon . | . . . Special Melee Weapon . | . . . Unidentified Prototypes . | . . . Parts Lost 6 | . . 6 Power . | . . . Propulsion 1 | . . 1 Utility 1 | . . 1 Weapon 4 | . . 4 Highest Loss Streak 5 | . . 5 Average Slot Usage (%) 28 | . 46 17 Engine 3 | . 8 . Treads 6 | . 12 2 Wheel 4 | . 12 . Device 6 | . 11 3 Storage 5 | . . 8 Energy Gun 1 | . . 1 Naked Turns 8 | . 8 . Heaviest Build 5 | . 4 5 Greatest Support 20 | 3 20 3 Greatest Overweight (x) 1 | . . 1 Average Overweight (x) . | . . . Largest Inventory Capacity 6 | 4 4 6 Average Capacity 4 | 4 4 5 Most Carried 4 | 3 4 4 Average Carried 1 | 2 2 . Final Capacity 6 | 4 4 6 Final Carried 4 | 3 4 . Class Distribution -------------------- 100% | Mutant Dominant Class ---------------- Mutant | -10/Materials Mutant | -9/Materials Resources | -11 -10 -9 ----------- Run | Scr Mat Mat Matter Collected . | . . . Remotely . | . . . Salvage Created 132 | . . 132 Parts 14 | . . 14 Haulers Intercepted . | . . . Recyclers Shooed . | . . . Parts Field Recycled . | . . . Retrieved Matter . | . . . Parts Self-Destructed . | . . . Prevented . | . . . Kills | -11 -10 -9 ------- Run | Scr Mat Mat Combat Hostiles Destroyed 4 | . . 4 AOE 4 | . . 4 Classes Destroyed 5 | . . 5 Worker 1 | . . 1 Recycler 1 | . . 1 Swarmer 2 | . . 2 Grunt 1 | . . 1 Sentry 1 | . . 1 Best Kill Streak 4 | . . 4 Combat Bots Only 3 | . . 3 Max Kills in Single Turn 4 | . . 4 Gunslinging . | . . . Exploded 3 | . . 3 Melee . | . . . Uniques/NPCs Destroyed . | . . . Combat | -11 -10 -9 -------- Run | Scr Mat Mat Damage Taken 929 | . 50 879 Core 427 | . 17 410 Absorbed by Shields . | . . . Core Remaining (%) 96 | 100 93 . Volleys Fired 18 | . . 18 Largest 2 | . . 2 Hottest 90 | . . 90 Shots Fired 19 | . . 19 Gun 19 | . . 19 Cannon . | . . . Launcher . | . . . Special . | . . . Kinetic 8 | . . 8 Thermal 9 | . . 9 Explosive . | . . . Electromagnetic 2 | . . 2 Robot Hit Streak 9 | . . 9 Robot Miss Streak 1 | . . 1 Penetration Max . | . . . Secondary Targets . | . . . Shots Hit Robots 9 | . . 9 Core Hits 8 | . 1 7 Critical Hits . | . . . Critical Kills . | . . . Critical Parts Destroyed . | . . . Melee Attacks . | . . . Impact . | . . . Slashing . | . . . Piercing . | . . . Sneak Attacks . | . . . Combat Hostiles . | . . . Follow-up Attacks . | . . . Damage Inflicted 1079 | . 3 1076 Guns 78 | . . 78 Cannons . | . . . Explosions 998 | . . 998 Melee . | . . . Ramming 3 | . 3 . Kinetic 67 | . . 67 Thermal 1009 | . . 1009 Explosive . | . . . Electromagnetic . | . . . Impact . | . . . Slashing . | . . . Piercing . | . . . Highest Corruption . | . . . Average Corruption . | . . . Corruption Purged . | . . . Overload Shots . | . . . Overflow Damage 306 | . . 306 Projectiles . | . . . Explosions 306 | . . 306 Melee . | . . . Knockbacks . | . . . Impact . | . . . Kinetic . | . . . Secondary . | . . . Self-Inflicted Damage 68 | . . 68 Shots 1 | . . 1 Rammed 2 | . 2 . Targets Rammed 2 | . 2 . Kicked . | . . . Crushed . | . . . Highest Temperature 25 | . . 25 Average Temperature 14 | . . 14 Received Heat Transfer 210 | . 27 183 Siege Activations . | . . . Robots Corrupted . | . . . Combat Hostiles . | . . . Parts Fried . | . . . Impact Corruptions . | . . . Robots Melted . | . . . Combat Hostiles . | . . . Parts Melted . | . . . Heat Transferred 575 | . . 575 Parts Sabotaged . | . . . Parts Stolen . | . . . Parts Stripped . | . . . Power Chain Reactions . | . . . Missiles Intercepted . | . . . Alert | -11 -10 -9 ------- Run | Scr Mat Mat Peak Influence 205 | . 15 205 Initial 5 | . . 5 Average 71 | . 3 119 Maximum Alert Level 1 | . . 1 Low Security (%) 87 | 100 100 78 Level 1 12 | . . 21 Level 2 . | . . . Level 3 . | . . . Level 4 . | . . . Level 5 . | . . . High Security . | . . . Max Security . | . . . Squads Dispatched 1 | . . 1 Investigation . | . . . Extermination . | . . . Reinforcement 1 | . . 1 Assault . | . . . Garrison . | . . . Intercept . | . . . Construction Impeded . | . . . Haulers Reinforced . | . . . Stealth | -11 -10 -9 --------- Run | Scr Mat Mat Distress Signals 1 | . . 1 Communications Jammed . | . . . Distress Signals . | . . . Times Spotted 24 | . 4 20 Peak Tracking Total 9 | . 4 9 Tactical Retreats 2 | . . 2 Traps | -11 -10 -9 ------- Run | Scr Mat Mat Traps Triggered 1 | . 1 . Indirectly . | . . . Trap Hack Attempts . | . . . Triggered . | . . . Disarmed . | . . . Reprogrammed . | . . . Reused . | . . . Traps Extracted . | . . . Installed . | . . . Triggered . | . . . Machines | -11 -10 -9 ---------- Run | Scr Mat Mat Machines Disabled 3 | . . 3 Max in Single Turn 2 | . . 2 Machines Sabotaged . | . . . Garrisons Compromised . | . . . Overloaded Fab Kills . | . . . Fab Network Shutdowns . | . . . Hacking | -11 -10 -9 --------- Run | Scr Mat Mat Machines Accessed 1 | . 1 . Terminals 1 | . 1 . Fabricators . | . . . Repair Stations . | . . . Recycling Units . | . . . Scanalyzers . | . . . Garrison Access . | . . . Total Hacks 2 | . 2 . Successful . | . . . Failed 2 | . 2 . Catastrophic 2 | . 2 . Database Lockouts . | . . . Manual 2 | . 2 . Terminals 2 | . 2 . Fabricators . | . . . Repair Stations . | . . . Recycling Units . | . . . Scanalyzers . | . . . Garrison Access . | . . . Terminal Hacks . | . . . Fabricator Hacks . | . . . Repair Station Hacks . | . . . Recycling Unit Hacks . | . . . Scanalyzer . | . . . Garrison Access Hacks . | . . . Unauthorized Hacks . | . . . Terminals . | . . . Fabricators . | . . . Repair Stations . | . . . Recycling Units . | . . . Scanalyzers . | . . . Garrison Access . | . . . Data Cores Recovered . | . . . Used . | . . . Hacking Detections 1 | . 1 . Full Trace Events . | . . . Feedback Events . | . . . Feedback Blocked . | . . . Robot Schematics Acquired . | . . . Robots Built . | . . . Matter . | . . . Time . | . . . Total Robot Build Rating . | . . . Part Schematics Acquired . | . . . Parts Built . | . . . Matter . | . . . Time . | . . . Total Part Build Rating . | . . . Parts Repaired . | . . . Time . | . . . Parts Recycled . | . . . Recycled Matter . | . . . Retrieved Matter . | . . . Retrieved Components . | . . . Parts Scanalyzed . | . . . Part Schematics Acquired . | . . . Parts Damaged . | . . . Bothacking | -11 -10 -9 ------------ Run | Scr Mat Mat Used RIF Installer . | . . . Robots Hacked . | . . . Non-combat . | . . . Combat . | . . . Robot Hacks Applied . | . . . Relay Couplers Released . | . . . Robots Rewired . | . . . Allies Hacked . | . . . Hacks Repelled . | . . . Allies | -11 -10 -9 -------- Run | Scr Mat Mat Total Allies . | . . . Largest Group . | . . . Highest-Rated Group . | . . . Highest-Rated Ally . | . . . Total Orders . | . . . Ally Attacks . | . . . Total Damage . | . . . Kills . | . . . Allies Corrupted . | . . . Allies Melted . | . . . Intel | -11 -10 -9 ------- Run | Scr Mat Mat Robot Analysis Total . | . . . Derelict Logs Recovered . | . . . Drone Launches . | . . . Drone Recoveries . | . . . Exploration | -11 -10 -9 ------------- Run | Scr Mat Mat Turns Passed 305 | 14 113 178 Spaces Moved 297 | 22 113 162 Core 209 | 22 25 162 Treads 1 | . 1 . Legs . | . . . Wheels 87 | . 87 . Hover . | . . . Flight . | . . . Fastest Speed 50 | 50 50 50 Average Speed 83 | 50 89 83 Slowest Speed 160 | 50 160 100 Overloaded Moves . | . . . Propulsion Burnouts . | . . . Robots Hopped . | . . . Cave-ins Triggered . | . . . Exploration Rate (%) 17 | 3 24 25 Regions Visited 2 Branch Regions . Pre-discovered Areas . | . . . Known Exits Taken . | . . . Unknown Exits Taken 2 | 1 1 . Scrap Searched . | . . . Spaces Dug . | . . . Terrain Destroyed 30 | . . 30 Melee . | . . . Projectile . | . . . AOE 30 | . . 30 Terrain Rammed . | . . . Walls Destroyed . | . . . Machines Disabled . | . . . Actions | -11 -10 -9 --------- Run | Scr Mat Mat Total 333 | 24 123 186 Wait . | . . . Move 295 | 21 112 162 Hop . | . . . Pick Up 9 | 3 5 1 Fast Attach . | . . . Attach 9 | . 4 5 Detach . | . . . Swap . | . . . Drop . | . . . Fire 18 | . . 18 Melee . | . . . Ram . | . . . Kick . | . . . Crush 2 | . 2 . Escape Stasis . | . . . Rewire . | . . . Trap . | . . . Miscellaneous . | . . . Route ------- -11/Scrapyard -10/Materials -9/Materials History --------- Turn | Location | Event 9 | -11/Scrapyard | Discovered new exit (range 13) 15 | -11/Scrapyard | Entered Materials 117 | -10/Materials | Discovered new exit (range 16) 128 | -10/Materials | Entered another Materials area 128 | -9/Materials | Evolved 2 slots: Utility x2 196 | -9/Materials | Core integrity fell below 50% 217 | -9/Materials | Lost 5 parts (1n1u3w) 235 | -9/Materials | Core integrity fell below 20% 306 | -9/Materials | Destroyed by G-34 Mercenary with Small Laser Last Messages --------------- 00209_ Fusion Modulator explodes. 00209_ Destroyed Lgt. Assault Rifle. 00209_ Destroyed Flight Unit. 00209_ Destroyed Lgt. Ion Engine. 00209_ Destroyed Flight Unit. 00209_ S-10 Pest destroyed. 00210_ U-05 Engineer lays Concrete. 00224_ Sml. Laser destroyed. 00232_ U-05 Engineer lays Concrete. 00236_ K-01 Serf collects debris. 00236_ U-05 Engineer lays Concrete. 00236_ U-05 Engineer builds a Wall. 00236_ U-05 Engineer lays Concrete. 00237_ U-05 Engineer destroyed. 00237_ U-05 Engineer lays Concrete. 00238_ U-05 Engineer builds a Wall. 00238_ U-05 Engineer lays Concrete. 00241_ K-01 Serf collects debris. 00241_ U-05 Engineer lays Concrete. 00249_ K-01 Serf collects debris. Map ----- +----------------------------------------------------+ | *[ """ ?????????????? | | ????????????? | | ############## ????????????? | | ##????????????# #########????????????????? | | #?????????????# #????????????????????????? | | #?????????????# #????????????????????????? | | #??########???# #????????????????????????? | | #? #???# #????????????????????????? | | #? ????# #????????????????????????? | | # ?????# #????????????????????????? | | # """ ""??????# #????????????????????????? | | + """ ""??????# ###########??????????????? | | # """ ""??????# # #??????????????? | | # ?????# # #??????????????? | | # ????# # #??????????????? | | #### ""###????# # #??????????????? | | ##??S""#??????# # #??????????????? | | ##??"" #??????# # #??????????????? | | ##???###???#??# # #??????????????? | | ##????????????# # #??????????????? | | ##????????????# g#####+#####??????????????? | | ###???????????# #????????????????? | | #"#########???## ! #????????????????? | | #" #????# """ #????????????????? | | #" """ #????# """ #????????????????? | | #" """"" #????# """ @#????????????????? | | " """"" #????# #????????????????? | | """" #????# #????????????????? | | " """ #????# """ ** #????????????????? | | " #????# """ *[ #????????????????? | | " #??#?# """g *[ #????????????????? | | # #????# gg ????????????????? | | ##########????# ???????????????? | | #?????????#???# ### ???????????????? | | #?????????????? ??###+###???????????????? | | #??????????????#+#????????????????????????? | | #??????????????? ?????????????????????????? | | #?????????????????????????????????????????? | | ##????????????????????????????????????????? | | ##????????????????????????????????????????? | | #???#?????????????????????????????????????? | | #?????????????????????????????????????????? | | #?#???????????????????????????????????????? | | #?????????????????????????????????????????? | | #?????????????????????????????????????????? | | #?????????????????????????????????????????? | | #?????????????????????????????????????????? | | #?????????????????????????????????????????? | | #?????????????????????????????????????????? | | #?????????????????????????????????????????? | +----------------------------------------------------+ Best States ------------- Heat Dissipation 28 Energy Generation 10 Energy Capacity 125 Matter Stores 100 Matter Capacity 300 Sight Range 16 Terrain Scan Range 14 Terrain Scan Density 10 Evasion (%) 50 Recoil Reduction 1 Item Schematics ----------------- None Robot Schematics ------------------ None Fabricated ------------ Nothing Alien Tech Used ----------------- None Achievements -------------- None Challenges ------------ None Game ------ Seed TargetingHardenedAutocannon Manual? 0 Play Time 00:07:38 Cumulative 31.9 hours Start 2021.06.08 @ 21:47:56 End 2021.06.08 @ 21:53:18 Sessions 1 Manual Loads 0 Difficulty Rogue Special Mode None Game No. 25 Rogue 25 Adventurer 0 Explorer 0 Win Type - Total 0 Types 0/0/0/0/0/0/0/0/0 Lore% 12 Gallery% 34 Achievement% 27 Wizard Run 0 Options --------- ASCII 0 Keyboard 0 Movement Numpad Keybinds 0 Fullscreen 1 Font 18/SmallcapsGlow Map View 76x50 Tactical HUD 1 Map Filters NONE Filters NONE Steam 1 RUN: e505788d-bb39-4c04-8ba1-e930aa48b6a5